 Dungeon Crawl Stone Soup version 0.26-a0-712-ga5a9c9c9d0 (webtiles) character file.

Game seed: 1260196900772189874

41523 schauveau the Basher (level 14, -42/92 HPs)
             Began as a Gargoyle Fighter on Nov 12, 2020.
             Was the Champion of Okawaru.
             Annihilated by a white very ugly thing (63 damage)
             ... on level 2 of the Abyss.
             The game lasted 00:44:59 (19509 turns).

schauveau the Basher (Gargoyle Fighter)            Turns: 19509, Time: 00:45:00

Health: -42/92     AC: 33    Str: 26    XL:     14   Next: 15%
Magic:  14/14      EV:  8    Int:  8    God:    Okawaru [******]
Gold:   349        SH: 13    Dex:  9    Spells: 13/13 levels left

rFire    + + .     SeeInvis +   B - +1 morningstar (vamp)
rCold    x . .     Faith    +   c - +0 kite shield
rNeg     + . .     Spirit   .   W - +4 chain mail {rF+} rPois āˆž Reflect .
                                R - +0 helmet
rElec    +         Harm     .   V - +1 cloak {rPois}
rCorr    .         Rampage  .   I - +1 pair of gloves
MR       +....                  (no boots)
Stlth    ..........             A - amulet of faith
HPRegen  0.25/turn              d - ring of see invisible
MPRegen  0.14/turn              j - ring of fire

@: no status effects
A: big wings, negative energy resistance 1, electricity resistance, unbreathing,
petrification resistance, rot immunity, AC +10
a: Fly, Heroism, Finesse, Renounce Religion


You were on level 2 of the Abyss.
You worshipped Okawaru.
Okawaru was exalted by your worship.
You visited 3 branches of the dungeon, and saw 18 of its levels.
You visited the Abyss 1 time.
You also visited: Ossuary and Volcano.

You collected 1242 gold pieces.
You spent 893 gold pieces at shops.

Inventory:

Hand Weapons
 B - a +1 vampiric morningstar (weapon)
 N - a +2 shortbow of flaming
 S - a +4 scimitar of flaming
 U - a +3 morningstar
Missiles
 l - 7 boomerangs (quivered)
 O - 537 arrows
Armour
 c - a +0 kite shield (worn)
 x - a +2 chain mail of cold resistance
 I - a +1 pair of gloves (worn)
 R - a +0 helmet (worn)
 V - a +1 cloak of poison resistance (worn)
 W - a +4 chain mail of fire resistance (worn)
Jewellery
 a - an uncursed ring of protection from cold
 d - a ring of see invisible (left hand)
 j - a ring of fire (right hand)
 k - an uncursed ring of ice
 A - an amulet of faith (around neck)
Wands
 e - a wand of polymorph (10)
 m - a wand of enslavement (3)
 p - a wand of iceblast (35)
 u - a wand of random effects (12)
 D - a wand of digging (6)
 L - a wand of flame (30)
 Q - a wand of acid (32)
Scrolls
 f - 12 scrolls of remove curse
 g - 4 scrolls of teleportation
 i - 2 scrolls of fear
 y - 2 scrolls of magic mapping
 E - 6 scrolls of enchant armour
 M - a scroll of blinking
Potions
 b - a potion of mutation
 h - a potion of cancellation
 n - 5 potions of haste
 o - 7 potions of curing
 q - 6 potions of heal wounds
 r - a potion of magic
 s - a potion of lignification {unknown}
 w - 4 potions of flight
 z - 2 potions of ambrosia
 C - a potion of invisibility
 F - 4 potions of might
 Y - 2 potions of stabbing {unknown}


   Skills:
 + Level 12.2 Fighting
 * Level 14.9 Maces & Flails
 + Level 12.2 Armour
 + Level 12.2 Shields


You had 13 spell levels left.
You didn't know any spells.
Your spell library contained the following spells:

 Spells                   Type           Power        Failure   Level
 Beastly Appendage        Tmut           #.....       95%         1
 Corona                   Hex            #......      95%         1
 Sandblast                Erth           #.....       95%         1
 Sting                    Tmut/Pois      #...         95%         1
 Corpse Rot               Necr/Air       N/A          99%         2
 Ensorcelled Hibernation  Hex/Ice        #.....       99%         2
 Wereblood                Tmut           #.......     99%         2
 Confusing Touch          Hex            #.......     100%        3
 Dazzling Flash           Conj/Hex       #.....       100%        3
 Spider Form              Tmut/Pois      #.........   100%        3
 Tukima's Dance           Hex            #.......     100%        3
 Dispel Undead            Necr           #.......     100%        4
 Ice Form                 Ice/Tmut       #.......     100%        4
 Agony                    Necr           #.......     100%        5
 Blade Hands              Tmut           #.........   100%        5
 Excruciating Wounds      Necr           #.........   100%        5
 Irradiate                Conj/Tmut      #.........   100%        5
 Lee's Rapid Deconstruct  Erth           #.........   100%        5
 Hydra Form               Tmut           #.........   100%        6
 Iron Shot                Conj/Erth      #.........   100%        6
 Dragon Form              Tmut           #.........   100%        7
 Sublimation of Blood     Necr           Unusable     N/A         2
 Statue Form              Tmut/Erth      Unusable     N/A         6

Dungeon Overview and Level Annotations

Branches:
Dungeon (15/15)            Temple (1/1) D:7            Lair (2/6) D:11
  Snake (0/4) Lair:2       Vaults (0/5) D:13        Ossuary (visited)
Volcano (visited)
  Swamp: Lair:2-4    Shoals: Lair:2-4       Orc: D:9-12      Depths: D:15

Altars:
Ashenzari
Cheibriados
Dithmenos
Elyvilon
Fedhas
Gozag
Hepliaklqana
Kikubaaqudgha
Makhleb
Nemelex Xobeh
Okawaru
Qazlal
Ru
Sif Muna
Trog
Uskayaw
Vehumet
Wu Jian
Xom
Yredelemnul
Zin
The Shining One
Beogh

Shops:
D:5 =   D:10 !(*

Annotations:
D:13 3 runed translucent doors, HunterMK's ghost, journeyman MiFi
Lair:1 exclusion: oklob plant


Innate Abilities, Weirdness & Mutations

You are resistant to torment.
Your stone body is resilient. (AC +10)
You are immune to poison.
Your large and strong wings let you fly indefinitely.
You resist negative energy. (rN+)
You are resistant to electric shocks. (rElec)
You can survive without breathing.
You are immune to petrification.
You are immune to rotting.


Message History

The green ugly thing basks in the mutagenic energy from its kin and changes!
You impale the green very ugly thing!!
You feel better.
The green very ugly thing is almost dead.
The green very ugly thing basks in the mutagenic energy from its kin and changes!
You hit the white very ugly thing but do no damage.
The white very ugly thing is almost dead.
A chorus of shrieks assaults your mind.
You bludgeon the white very ugly thing!!
The white very ugly thing is almost dead.
The white ugly thing basks in the mutagenic energy from its kin and changes!
You barely miss the white very ugly thing.
The white very ugly thing is almost dead.
A chorus of shrieks assaults your mind.
* * * LOW HITPOINT WARNING * * *
The white very ugly thing headbutts you.
* * * LOW HITPOINT WARNING * * *
The white very ugly thing freezes you!!!
You feel a terrible chill!
Ouch! That really hurt!
You die...

# ## ## ..
# #. #.
.##. . #
.... # . .#
XX ##X#X
##. #
.##XuX##..#
# #.##uuW#
#.@###.
#### .# # #
. . . ..
..uā‰ˆ . .
#ā‰ˆ . #


You could see 4 starcursed masses, a white very ugly thing, an eidolon and a
green ugly thing.

Vanquished Creatures
  An ironheart preserver (D:14)
  2 very ugly things (Abyss:2)
  Josephine (D:12)
  3 hydras
  4 centaur warriors (D:13)
  3 two-headed ogres
  Erica (D:11)
  A tengu warrior (D:14)
  3 skeletal warriors
  An unseen horror (D:14)
  A wizard (Volcano)
  3 orc knights
  A lindwurm (Lair:2)
  2 ugly things
  A manticore (D:13)
  2 cyclopes (D:13)
  A large abomination (Abyss:2)
  A worldbinder (Abyss:2)
  2 toenail golems (Volcano)
  4 black mambas (Lair:1)
  A cane toad (Lair:1)
  A gargoyle (D:14)
  3 komodo dragons
  A freezing wraith (D:14)
  2 efreet (D:13)
  7 trolls
  Grinder (D:3)
  6 slime creatures
  A hornet (D:12)
  Sigmund (D:5)
  4 wyverns
  A shadow (D:11)
  3 wraiths (D:12)
  2 basilisks (D:13)
  25 yaks
  A steam dragon (D:14)
  Edmund (D:5)
  An acid dragon (shapeshifter) (D:14)
  4 water moccasins
  3 black bears
  5 orc warriors
  A swamp drake (D:12)
  4 sky beasts
  A small abomination (Abyss:2)
  4 ice beasts
  3 eyes of draining
  A necrophage (D:12)
  4 ogres
  5 phantoms
  17 centaurs
  A big kobold (D:11)
  15 bullfrogs
  4 scorpions
  11 wights
  7 howler monkeys
  2 electric eels
  2 centaur zombies
  6 jellies
  A bullfrog zombie (D:8)
  A quasit (D:10)
  7 hounds
  17 orc wizards
  11 orc priests
  4 bullfrog skeletons
  8 centaur skeletons
  9 iguanas
  9 worker ants
  A big kobold zombie (Ossuary)
  2 hound skeletons (D:5)
  8 mummies (Ossuary)
  2 worker ant zombies
  A howler monkey skeleton (D:10)
  9 adders
  2 shadow imps
  5 white imps
  5 ufetubi
  An adder zombie (D:9)
  An adder skeleton (D:8)
  4 worms
  A dart slug (D:3)
  4 leopard geckos
  75 orcs
  6 giant cockroaches
  7 goblins
  7 hobgoblins
  16 jackals
  16 kobolds
  5 quokkas
  A ball python (D:2)
  6 bats
  12 frilled lizards
  A gnoll zombie (Ossuary)
  2 hobgoblin zombies (Ossuary)
  A jackal skeleton (D:5)
  2 kobold zombies (Ossuary)
  A leopard gecko zombie (D:5)
  2 orc zombies (Ossuary)
  3 quokka skeletons
  2 quokka zombies (D:4)
  5 rats
483 creatures vanquished.

Vanquished Creatures (others)
  A golden eye (Abyss:2)
  A rat (D:3)
  3 fungi (Lair:2)
  15 plants
20 creatures vanquished.

Grand Total: 503 creatures vanquished

Notes
Turn   | Place    | Note
-------+----------+-------------------------------------------
     0 | D:1      | schauveau the Gargoyle Fighter began the quest for the Orb.
     0 | D:1      | Reached XP level 1. HP: 14/14 MP: 1/1
   163 | D:2      | Reached XP level 2. HP: 17/19 MP: 2/2
   264 | D:2      | You fall into a shaft and drop 1 floor!
   419 | D:3      | Reached XP level 3. HP: 19/23 MP: 3/3
   865 | D:3      | Reached skill level 3 in Maces & Flails
   865 | D:3      | Reached XP level 4. HP: 29/29 MP: 4/4
   948 | D:3      | Found an ancient bone altar of Kikubaaqudgha.
   984 | D:4      | Reached XP level 5. HP: 9/33 MP: 5/5
   997 | D:5      | Entered Level 5 of the Dungeon
  1018 | D:5      | Noticed an ogre
  1051 | D:4      | Found a stormy altar of Qazlal.
  1141 | D:4      | Found a sand-covered staircase.
  1151 | Ossuary  | Entered an ossuary
  1305 | Ossuary  | Reached skill level 4 in Maces & Flails
  1310 | Ossuary  | Reached XP level 6. HP: 5/38 MP: 6/6
  1755 | D:4      | Found a basalt altar of Yredelemnul.
  1842 | D:5      | Found Kiext's Jewellery Shop.
  1922 | D:5      | Noticed a sky beast
  2303 | D:5      | Reached XP level 7. HP: 38/44 MP: 7/7
  2408 | D:5      | Reached skill level 5 in Maces & Flails
  2615 | D:5      | Reached skill level 5 in Armour
  2634 | D:5      | Reached skill level 5 in Fighting
  2634 | D:5      | Reached skill level 5 in Shields
  3197 | D:7      | Reached XP level 8. HP: 11/49 MP: 8/8
  3506 | D:7      | Found a staircase to the Ecumenical Temple.
  3513 | Temple   | Entered the Ecumenical Temple
  3536 | Temple   | Became a worshipper of Warmaster Okawaru
  4438 | D:3      | Noticed Grinder
  4457 | D:3      | Paralysed by Grinder for 6 turns
  4476 | D:3      | Paralysed by Grinder for 7 turns
  4486 | D:3      | Killed Grinder
  4486 | D:3      | Reached skill level 6 in Maces & Flails
  5741 | D:5      | Noticed Sigmund
  5750 | D:5      | Killed Sigmund
  5766 | D:5      | Noticed Edmund
  5787 | D:5      | Killed Edmund
  5787 | D:5      | Reached * piety under Okawaru
  5926 | D:5      | Reached skill level 7 in Maces & Flails
  6322 | D:6      | Reached XP level 9. HP: 55/55 MP: 9/9
  6677 | D:6      | Found a bloodstained altar of Trog.
  6787 | D:6      | Reached ** piety under Okawaru
  7132 | D:7      | Found a radiant altar of Vehumet.
  7160 | D:7      | Reached skill level 8 in Maces & Flails
  7623 | D:8      | Reached *** piety under Okawaru
  7670 | D:8      | Found a sparkling altar of Nemelex Xobeh.
  7766 | D:8      | Found a white marble altar of Elyvilon.
  8040 | D:8      | Reached skill level 9 in Maces & Flails
  8054 | D:8      | Reached XP level 10. HP: 32/63 MP: 10/10
  8430 | D:8      | Found a shimmering altar of Xom.
  8964 | D:9      | Noticed a two-headed ogre
  8964 | D:9      | Noticed a two-headed ogre
  8973 | D:8      | Killed a two-headed ogre
  9246 | D:9      | Reached **** piety under Okawaru
  9292 | D:9      | Killed a two-headed ogre
  9431 | D:9      | Reached skill level 10 in Maces & Flails
  9462 | D:9      | Reached ***** piety under Okawaru
  9887 | D:10     | Entered Level 10 of the Dungeon
  9921 | D:10     | Received a gift from Okawaru
  9978 | D:10     | Noticed an orc knight
 10168 | D:9      | Found a sacrificial altar of Ru.
 10175 | D:9      | Reached XP level 11. HP: 69/69 MP: 11/11
 10437 | D:9      | Noticed a green ugly thing
 10467 | D:8      | Killed a green ugly thing
 10652 | D:9      | Noticed a +0 dagger
 10652 | D:9      | Noticed a +0 hand axe
 10657 | D:9      | Found a hide-covered altar of Uskayaw.
 11212 | D:9      | Reached skill level 11 in Maces & Flails
 11540 | D:10     | Identified the Catalogue of Transmigration and the
                  | Mountains
 11911 | D:10     | You fall into a shaft and drop 3 floors!
 11938 | D:13     | Noticed a centaur warrior
 11951 | D:14     | Noticed a tengu warrior
 11970 | D:14     | Killed a tengu warrior
 11970 | D:14     | Received a gift from Okawaru
 12100 | D:14     | Noticed a seven-headed hydra
 12116 | D:15     | Entered Level 15 of the Dungeon
 12116 | D:15     | Noticed a deep elf mage
 12122 | D:15     | Noticed a brown ugly thing
 12122 | D:15     | Noticed a brown ugly thing
 12133 | D:15     | Noticed a two-headed ogre
 12466 | D:14     | Noticed an unseen horror
 12499 | D:14     | Killed an unseen horror
 12618 | D:14     | Killed a seven-headed hydra
 13090 | D:14     | Noticed a skeletal warrior
 13090 | D:14     | Noticed a skeletal warrior
 13090 | D:14     | Noticed a skeletal warrior
 13141 | D:13     | Killed a skeletal warrior
 13336 | D:13     | Killed a skeletal warrior
 13406 | D:14     | Killed a skeletal warrior
 13625 | D:13     | Noticed a cyclops
 13627 | D:13     | Noticed a centaur warrior
 13627 | D:13     | Noticed an ironheart preserver
 13641 | D:13     | Killed a centaur warrior
 13641 | D:13     | Received a gift from Okawaru
 13641 | D:13     | Reached skill level 12 in Maces & Flails
 13641 | D:13     | Reached skill level 10 in Armour
 13641 | D:13     | Reached skill level 10 in Shields
 13641 | D:13     | Reached XP level 12. HP: 70/77 MP: 12/12
 13666 | D:14     | Reached skill level 10 in Fighting
 13724 | D:14     | Killed an ironheart preserver
 13731 | D:14     | Reached ****** piety under Okawaru
 14034 | D:13     | Killed a centaur warrior
 14093 | D:13     | Found a gate to the Vaults.
 14331 | D:13     | Identified the +2 ring mail of the Villain {MR+}
 14367 | D:13     | Found a runed translucent gate.
 14367 | D:13     | Found a runed translucent gate.
 14367 | D:13     | Found a runed translucent gate.
 14368 | D:13     | Noticed HunterMK's ghost (journeyman MiFi)
 14378 | D:13     | Received a gift from Okawaru
 14842 | D:13     | Noticed a centaur warrior
 14851 | D:13     | Killed a centaur warrior
 15149 | D:13     | Reached skill level 13 in Maces & Flails
 15438 | D:13     | Received a gift from Okawaru
 15546 | D:13     | Noticed a centaur warrior
 15561 | D:13     | Killed a centaur warrior
 15822 | D:12     | Reached XP level 13. HP: 84/84 MP: 13/13
 15899 | D:12     | Noticed Josephine
 15935 | D:12     | Killed Josephine
 15935 | D:12     | Received a gift from Okawaru
 16444 | D:11     | Found a staircase to the Lair.
 16758 | D:11     | Noticed Erica
 16782 | D:11     | Killed Erica
 16782 | D:11     | Reached skill level 14 in Maces & Flails
 16969 | D:10     | Found Gogas's Weapon Emporium.
 17026 | D:10     | Found Luawiatz's Distillery.
 17035 | D:10     | Bought a potion of heal wounds for 55 gold pieces
 17035 | D:10     | Bought a potion of heal wounds for 55 gold pieces
 17035 | D:10     | Bought a potion of heal wounds for 55 gold pieces
 17444 | D:10     | Found Pywoo's Assorted Antiques.
 17447 | D:10     | Bought a heavily runed plate armour for 728 gold pieces
 17447 | D:10     | Identified the +1 plate armour "Sustrit" {rPois Stlth+}
                  | (You bought it in a shop on level 10 of the Dungeon)
 17606 | D:11     | Found a runed translucent door.
 17857 | D:11     | Found a roughly hewn altar of Beogh.
 18052 | Lair:1   | Entered Level 1 of the Lair of Beasts
 18187 | Lair:1   | Received a gift from Okawaru
 19099 | Lair:2   | Found a dark tunnel.
 19148 | Volcano  | Entered a volcano
 19159 | Volcano  | Gained mutation: Your large and strong wings let you fly
                  | indefinitely. [Gargoyle growth]
 19159 | Volcano  | Reached XP level 14. HP: 52/92 MP: 14/14
 19209 | Volcano  | Cast into level 2 of the Abyss (a wizard)
 19453 | Abyss:2  | Noticed a green very ugly thing
 19453 | Abyss:2  | Noticed a green very ugly thing
 19453 | Abyss:2  | Noticed a green very ugly thing
 19454 | Abyss:2  | Noticed a starcursed mass
 19470 | Abyss:2  | Killed a green very ugly thing
 19471 | Abyss:2  | Paralysed by accursed screaming for 1 turns
 19491 | Abyss:2  | Killed a red very ugly thing
 19509 | Abyss:2  | Annihilated by a white very ugly thing

Illustrated notes

Levels and vault maps discovered:
D:1:      nzn_arrival_crosshair, layout_basic, minmay_misc_feat_iff
D:2:      layout_rooms
D:3:      layout_rooms, overflow_temple_1_default, uniq_grinder
D:4:      layout_layer_cave, yredelemnul_altar_generic, kennysheep_mini,
          enter_ossuary_4
D:5:      layout_basic, portal_sewer_entry_d, serial_shops, nicolae_shop_trees,
          sigmund_edmund_badplayer
D:6:      layout_basic, overflow_temple_1_default
D:7:      layout_rooms, vehumet_altar_wand_db, temple_statues
D:8:      layout_cave_pools, nemelex_xobeh_ov_fountains_minmay,
          lemuel_round_altar, brannock_xom_greatest_gift,
          ebering_dispersal_statue_hall, grunt_potential
D:9:      layout_long_grid, dancing_weapons_uskayaw, grunt_ministairs_10,
          nicolae_ru_great_annihilating_truth
D:10:     cheibrodos_barr_body, layout_loops_ring, serial_shops, shop,
          nicolae_shop_behind_doors, shop
D:11:     layout_long_grid, lair_entry_dummy, lightli_church_of_beogh,
          uniq_erica
D:12:     layout_irregular_city, erik_orc_1, uniq_josephine
D:13:     layout_long_grid, skrybe_vaults_entry_preservation,
          gammafunk_ghost_nasty_kobolds, portal_ice_cave_entry_ice_beasts,
          nicolae_trove_entry_crystal, dk_noncrumbling_4
D:14:     layout_basic, nicolae_water_bricks, chequers_garden
D:15:     grunt_enter_depths_snipers, layout_cave_pools, nicolae_wwwww,
          minmay_guarded_unrand_prune
Temple:   nicolae_temple_god_jail
Lair:1:   layout_chaotic_city, st_stairs_13, lemuel_oklob_altar,
          lemuel_fruit_fields
Lair:2:   layout_cave_pods, guppyfry_snake_entry_island, serial_bayou,
          serial_bayou_lagoon_a, serial_bayou_pond_a, serial_bayou_pond_e,
          serial_bayou_shore_b, nicolae_volcano_entry_vermiform,
          beast_lair_carwin_7, serial_bayou_shore_a
Abyss:2:  base:
D:9
Volcano:  volcano_bunker

Skill      XL: |  1  2  3  4  5  6  7  8  9 10 11 12 13 |
---------------+----------------------------------------+-----
Maces & Flails | 3 4 5 7 9 10 12 13 14 | 14.9
Armour         | 4 5 6 7 8 10 11 12 | 12.2
Shields        | 4 5 6 7 8 10 11 12 | 12.2
Fighting       | 4 5 6 7 8 9 10 12 | 12.2

Action                   |  1- 3 |  4- 6 |  7- 9 | 10-12 | 13-15 || total
-------------------------+-------+-------+-------+-------+-------++-------
Melee: Flail             |   129 |   171 |   538 |   505 |       ||  1343
       Morningstar       |       |       |       |   268 |   610 ||   878
Evoke: Wand              |       |     6 |       |       |       ||     6
  Use: Scroll            |       |     6 |    11 |    20 |     5 ||    42
       Potion            |       |     3 |     3 |     5 |     1 ||    12
 Stab: Paralysed         |       |       |       |     1 |       ||     1
Armor: Chain mail        |    98 |   123 |   258 |   454 |   423 ||  1356
       Scale mail        |     5 |       |       |       |       ||     5
Dodge: Dodged            |    30 |    43 |   120 |   208 |   179 ||   580
Block: Kite shield       |    89 |   100 |   277 |   463 |   438 ||  1367

Table legend: (Time is in decaauts)
 A = Elapsed time spent in this place.
 B = Non-inter-level travel time spent in this place.
 C = Inter-level travel time spent in this place.
 D = Time resting spent in this place.
 E = Time spent auto-exploring this place.
 F = Levels seen in this place.
 G = Mean time per level.
                   A        B        C        D        E       F      G
               +--------+--------+--------+--------+--------+-----+--------+
         Total |  19554 |  18989 |    565 |   5226 |   6405 |  21 |  931.1 |
       Dungeon |  17497 |  16982 |    515 |   4770 |   5799 |  15 | 1166.5 |
        Temple |     87 |     87 |      0 |      0 |      0 |   1 |   87.0 |
          Lair |   1063 |   1013 |     50 |      0 |    494 |   2 |  531.5 |
         Abyss |    284 |    284 |      0 |    156 |     17 |   1 |  284.0 |
       Ossuary |    565 |    565 |      0 |    300 |     95 |   1 |  565.0 |
       Volcano |     56 |     56 |      0 |      0 |      0 |   1 |   56.0 |
               +--------+--------+--------+--------+--------+-----+--------+

Top non-repeatable levels by time:
     D:9: 2136 daAuts
    D:14: 2013 daAuts
    D:13: 1707 daAuts
     D:8: 1671 daAuts
     D:5: 1554 daAuts
     D:4: 1261 daAuts
     D:7: 1095 daAuts
    D:10: 1058 daAuts
    D:11: 1053 daAuts
     D:6: 998 daAuts
     D:3: 951 daAuts
  Lair:1: 857 daAuts
    D:12: 749 daAuts
     D:2: 696 daAuts
 Ossuary: 565 daAuts
